 Dungeon Crawl Stone Soup version 0.31.0-1-g2c135a0 (webtiles) character file.

Game seed: 10993906139128004711

938 bonegar the Sneak (level 8, -1/62 HPs)
             Began as a Naga Enchanter on Feb 17, 2024.
             Was an Initiate of Dithmenos.
             Slain by a sleepcap (14 damage)
             ... on level 6 of the Dungeon.
             The game lasted 00:43:44 (4664 turns).

bonegar the Sneak (Naga Enchanter)                  Turns: 4664, Time: 00:43:44

Health: -1/62      AC:  4    Str: 11    XL:     8   Next: 12%
Magic:  9/13       EV:  1    Int: 15    God:    Dithmenos [......]
Gold:   332        SH:  0    Dex: 14    Spells: 6/14 levels left

rFire   . . .        x - +2 rapier (speed)
rCold   . . .        (no shield)
rNeg    . . .        b - +0 robe
rPois   +            g - +0 helmet
rElec   .            (no cloak)
rCorr   .            (no gloves)
SInv    +            (no barding)
Will    ++...        (no amulet)
Stlth   ++++         y - ring of willpower
HPRegen 0.30/turn    (no ring)
MPRegen 0.13/turn

%: no passive effects
@: sleeping, very slow
A: AC +2, large, see invisible, deformed body, poison resistance, slowness 2,
spit poison 1, naga tail 1
a: Spit Poison, Renounce Religion


You were on level 6 of the Dungeon.
You worshipped Dithmenos.
Dithmenos was noncommittal.
You visited 1 branch of the dungeon, and saw 7 of its levels.

You collected 332 gold pieces.

Inventory:

Hand Weapons
 a - a +1 dagger
 c - the +1 hand axe of Accidental Termination {flame, rPois Stlth+}
   (You found it on level 3 of the Dungeon)

   rPois:     It protects you from poison Stlth+: It makes you more stealthy.
 n - a +2 dagger of speed
 s - a +1 dagger of venom
 u - a +0 quarterstaff
 v - a +0 dagger of draining
 x - a +2 rapier of speed (weapon)
Missiles
 e - 10 poisoned darts
Armour
 b - a +0 robe (worn)
 g - a +0 helmet (worn)
Jewellery
 p - a ring of fire
 y - a ring of willpower (left hand)
Scrolls
 d - a scroll of fog
 f - a scroll of teleportation {unknown}
 h - a scroll of enchant armour {unknown}
 j - a scroll of blinking
 o - a scroll of enchant weapon {unknown}
 t - a scroll of poison
 z - 2 scrolls of identify
 B - a scroll of revelation {unknown}
Potions
 k - a potion of curing
 l - a potion of degeneration
 m - a potion of haste
 r - 4 potions of lignification
 w - a potion of cancellation {unknown}
 A - a potion of attraction {unknown}


   Skills:
 + Level 3.8 Short Blades
 - Level 2.4 Axes
 + Level 3.4 Dodging
 + Level 7.5 Stealth
 + Level 3.9 Spellcasting
 + Level 4.7 Hexes


You had 6 spell levels left.
You knew the following spells:

 Your Spells              Type           Power      Damage    Failure   Level
a - Ensorcelled Hibernat  Hex/Ice        20%        N/A       11%         2
b - Confusing Touch       Hex            17%        N/A       8%          3
c - Tukima's Dance        Hex            17%        N/A       8%          3

Your spell library contained the following spells:

 Spells                   Type           Power      Damage    Failure   Level
 Apportation              Tloc           4%         N/A       19%         1
 Necrotise                Necr           8%         1d4       19%         1
 Shock                    Conj/Air       8%         1d3       19%         1
 Sting                    Conj/Alch      8%         1d3       19%         1
 Summon Small Mammal      Summ           8%         N/A       19%         1
 Dazzling Flash           Conj/Hex       20%        N/A       21%         3
 Swiftness                Air            2%         N/A       50%         3
 Airstrike                Air            1%         2d(1-17)  88%         4


Dungeon Overview and Level Annotations

Branches:
Dungeon (7/15)             Temple (0/1) D:7

Altars:
Ashenzari
Dithmenos
Gozag
Hepliaklqana
Okawaru
Qazlal
Uskayaw
Wu Jian

Shops:
D:7 ?

Annotations:
D:3 2 transporters, TobyRickard's ghost, amateur MiFi
D:5 1 exclusion
D:7 Pikel


Innate Abilities, Weirdness & Mutations

Your serpentine skin is tough. (AC +2)
You have supernaturally acute eyesight. (SInv)
Armour fits poorly on your strangely shaped body.
Your system is resistant to poisons. (rPois)
You cover ground very slowly.
You can spit poison.
You have a snake-like lower body.


Message History

You closely miss the electric eel.
The electric eel is almost dead.
The sleepcap releases spores at you.
* * * LOW HITPOINT WARNING * * *
You are engulfed in a cloud of soporific spores!
You fall asleep.
The electric eel shoots out a bolt of lightning at you!
The bolt of electricity hits you!
You wake up.
* * * LOW HITPOINT WARNING * * *
The sleepcap releases spores at you.
* * * LOW HITPOINT WARNING * * *
You feel much better. The sleepcap barely misses you.
You hit the electric eel.
You kill the electric eel!
Dithmenos accepts your kill.
You hear a splash.
The sleepcap releases spores at you.
You are engulfed in a cloud of soporific spores!
You are unaffected.
The sleepcap attacks as it pursues you!
The sleepcap releases spores at you but does no damage.
You hit the sleepcap but do no damage. The sleepcap closely misses you.
You hit the sleepcap.
The sleepcap is lightly damaged.
You hit the sleepcap.
The sleepcap is moderately damaged.
The sleepcap releases spores at you.
You completely miss the sleepcap.
The sleepcap is moderately damaged.
The sleepcap misses you.
You hit the sleepcap.
The sleepcap is heavily damaged.
You hit the sleepcap.
The sleepcap is severely damaged.
The sleepcap releases spores at you!
* * * LOW HITPOINT WARNING * * *
You are engulfed in a cloud of soporific spores!
You fall asleep.
The sleepcap releases spores at you!
You die...

.........##.##.#
.........##.##.~PP~~~~P#
#####+#####♣♣♣~~≈~~~~~~ #.
#~~♣~~P~≈~≈~~~♣## ###
#.##♣~~~~≈≈≈≈~~~~~~~## ..#
#..♣P~P~P~~~~~P~P~~~P##
..#####.~~P~~P~~~~♣~..~.~..
..'..))).PP♣~~.~...........
..#####.........@f.........
..# #............~...~~~~
..# #.......~~†.~~~PP~♣~♣
..# #######P~~~~~~~~~♣~#
..# ##~~~~~♣~~~~## ..#
#.♣♣♣♣♣♣♣♣## ..# #+#


You could see a sleepcap.

Vanquished Creatures
  Eustachio (D:5)
  A sky beast (D:7)
  An ogre (D:5)
  A lemure (D:6)
  A phantom (D:4)
  A scorpion (D:4)
  2 electric eels (D:6)
  4 hounds
  3 orc priests
  3 orc wizards
  4 adders
  A white imp (D:5)
  An ufetubus (D:7)
  A dart slug (D:3)
  A ribbon worm (D:2)
  20 orcs
  8 ball pythons
  5 endoplasms
  3 giant cockroaches
  7 goblins
  11 hobgoblins
  3 kobolds
  2 quokkas (D:4)
  3 bats
  3 frilled lizards
  7 rats
98 creatures vanquished.

Vanquished Creatures (others)
  A hobgoblin (D:2)
1 creature vanquished.

Grand Total: 99 creatures vanquished

Notes
Turn   | Place    | Note
-------+----------+-------------------------------------------
     0 | D:1      | bonegar the Naga Enchanter began the quest for the Orb.
     0 | D:1      | Reached XP level 1. HP: 15/15 MP: 3/3
    89 | D:1      | Reached XP level 2. HP: 21/22 MP: 5/5
   243 | D:1      | Learned a level 2 spell: Ensorcelled Hibernation
   963 | D:2      | Reached XP level 3. HP: 27/28 MP: 6/6
  1757 | D:3      | Reached skill level 5 in Stealth
  1764 | D:3      | Reached XP level 4. HP: 36/36 MP: 1/7
  1773 | D:3      | Reached XP level 5. HP: 14/42 MP: 1/9
  1880 | D:3      | Found a transporter.
  1895 | D:3      | Noticed TobyRickard's ghost (amateur MiFi)
  1928 | D:3      | Identified the +1 hand axe of Accidental Termination
                  | {flame, rPois Stlth+}
  2056 | D:3      | Found a broken altar of Ashenzari.
  2187 | D:3      | Found an ornate altar of the Wu Jian Council.
  2233 | D:3      | Learned a level 3 spell: Confusing Touch
  2541 | D:3      | Found a transporter.
  2600 | D:4      | Reached skill level 1 in Axes
  2600 | D:4      | Reached skill level 6 in Stealth
  2600 | D:4      | Reached XP level 6. HP: 27/49 MP: 4/10
  3024 | D:4      | Found a hazy altar of Hepliaklqana.
  3025 | D:4      | Found a shadowy altar of Dithmenos.
  3026 | D:4      | Noticed a shadow
  3034 | D:4      | Became a worshipper of Dithmenos the Shadowed
  3195 | D:4      | Reached XP level 7. HP: 13/55 MP: 11/11
  3551 | D:5      | Entered Level 5 of the Dungeon
  3593 | D:5      | Found a stormy altar of Qazlal.
  3622 | D:5      | Noticed a +0 short sword
  3624 | D:5      | Noticed a +0 spear
  3624 | D:5      | Noticed a +0 short sword
  3624 | D:5      | Noticed a +0 falchion
  3624 | D:5      | Noticed a +0 dagger
  3625 | D:5      | Noticed a +0 dagger
  3626 | D:5      | Noticed a +0 spear
  3627 | D:5      | Noticed a +0 falchion
  3632 | D:5      | Found a hide-covered altar of Uskayaw.
  3803 | D:5      | Noticed Eustachio
  3872 | D:5      | Killed Eustachio
  3873 | D:5      | Reached skill level 7 in Stealth
  4070 | D:5      | Found an iron altar of Okawaru.
  4310 | D:7      | Found an opulent altar of Gozag.
  4314 | D:7      | Found Votteuna's Magic Scroll Shop.
  4390 | D:7      | Learned a level 3 spell: Tukima's Dance
  4434 | D:7      | Found a staircase to the Ecumenical Temple.
  4484 | D:7      | Noticed Pikel
  4584 | D:6      | Reached XP level 8. HP: 62/62 MP: 10/13
  4654 | D:6      | HP: 3/62 [electric eel/bolt of electricity (12)]
  4664 | D:6      | Slain by a sleepcap

Illustrated notes

Levels and vault maps discovered:
D:1:      heliophobic_arrival_henge, layout_basic
D:2:      layout_basic, minmay_pentomino_x4
D:3:      layout_loops_ring, nicolae_overflow_crystal_walls,
          mainiacjoe_overflow_24_doors, gammafunk_ghost_stat_death
D:4:      layout_rooms, riverfiend_overflow_shadow_ancestor
D:5:      layout_loops_ring, nicolae_ru_the_path_less_chosen,
          fiery_altar_vehumet, slow_altar_1, nicolae_uskayaw_en_pointe,
          nicolae_elyvilon_peaceful_grove, kennysheep_okawaru_gauntlet,
          mainiacjoe_overflow_boulevard, serial_shops, nicolae_shop_crystal,
          uniq_eustachio
D:6:      layout_basic, serial_bayou_ford_a, uniq_prince_ribbit1
D:7:      layout_rooms, kennysheep_mini, grunt_gozag_breadcrumbs,
          minmay_temple_entry_statues, serial_shops, shop, uniq_pikel

Skill      XL: |  1  2  3  4  5  6  7 |
---------------+----------------------+-----
Dodging        | 2 3 |  3.4
Stealth        | 5 6 7 |  7.5
Short Blades   | 2 3 |  3.8
Axes           | 1 2 |  2.4
Spellcasting   | 3 |  3.9
Hexes          | 4 |  4.7

Action                     |  1- 3 |  4- 6 |  7- 9 || total
---------------------------+-------+-------+-------++-------
  Melee: Dagger            |   141 |    10 |    45 ||   196
         Punch             |     1 |       |     2 ||     3
         Hand axe          |       |   135 |    20 ||   155
         Rapier            |       |       |    49 ||    49
   Cast: Ensorcelled Hiber |    10 |     9 |     6 ||    25
         Confusing Touch   |       |     3 |     7 ||    10
    Use: Potion            |     2 |     1 |     4 ||     7
         Scroll            |       |     5 |     9 ||    14
   Stab: Sleeping          |    10 |    19 |     5 ||    34
         Invisible         |     2 |     2 |       ||     4
         Confused          |       |       |     5 ||     5
 Armour: Robe              |    98 |   110 |    85 ||   293
  Dodge: Dodged            |    73 |    82 |    68 ||   223
